PA
GALESBURG GUZZLERS @ ROCKY MOUNTAIN VIBES
07/18/2041
 
TOP OF THE 1ST
Galesburg Guzzlers batting - Pitching for Rocky Mountain Vibes : RHP Juan Carmona
Pitching: RHP Juan Carmona
Batting: RHB Cheh Che 0-0: Foul Ball, location: 2F
0-1: Ball
1-1: Ball
2-1: Ball
3-1: Foul Ball, location: 2F
3-2: Ground out 1-3 (Groundball, P, EV 68.1 MPH)
Batting: SHB Jorge Rocha 0-0: Foul Ball, location: 2F
0-1: Swinging Strike
0-2: Strikes out swinging
Batting: RHB Woody Marshall 0-0: Called Strike
0-1: Called Strike
0-2: Strikes out swinging
Top of the 1st over - 0 runs, 0 hits, 0 errors, 0 left on base; Galesburg 0 - Rocky Mountain 0
BOTTOM OF THE 1ST
Rocky Mountain Vibes batting - Pitching for Galesburg Guzzlers : RHP Jorge Cambeiro
Pitching: RHP Jorge Cambeiro
Batting: RHB Juan Rea 0-0: Fly out, F7 (Flyball, 7, EV 87.5 MPH)
Batting: RHB Uoti Vaijärvi 0-0: Foul Ball, location: 2F
0-1: Ball
1-1: Ball
2-1: Foul Ball, location: 2F
2-2: Strikes out swinging
Batting: RHB Magnus Fjord 0-0: SINGLE (Flyball, 8LS, EV 82.5 MPH)
Batting: SHB William Anderson 0-0: Ball
1-0: Ball
2-0: Ball
3-0: Called Strike
3-1: Foul Ball, location: 2F
3-2: Foul Ball, location: 2F
3-2: Foul Ball, location: 2F
3-2: Fly out, F3 (Popup, 23F, EV 84.4 MPH)
Bottom of the 1st over - 0 runs, 1 hit, 0 errors, 1 left on base; Galesburg 0 - Rocky Mountain 0
TOP OF THE 2ND
Galesburg Guzzlers batting - Pitching for Rocky Mountain Vibes : RHP Juan Carmona
Batting: RHB Bo Rajat 0-0: Foul Ball, location: 2F
0-1: Fly out, F8 (Flyball, 8RXD, EV 95.6 MPH)
Batting: RHB Freddie Butterworth 0-0: SINGLE (Groundball, 34S, EV 68.8 MPH) (infield hit)
Batting: SHB Félix Linaza 0-0: Called Strike
0-1: Ball
1-1: Ball
2-1: Ball
3-1: Foul Ball, location: 2F
3-2: Fielders Choice at 2nd, 1-6 (Groundball, 13, EV 66.9 MPH)
Batting: RHB Paul Kelly 0-0: Ball
1-0: Called Strike
1-1: Ball
2-1: Swinging Strike
2-2: Strikes out swinging
Top of the 2nd over - 0 runs, 1 hit, 0 errors, 1 left on base; Galesburg 0 - Rocky Mountain 0
BOTTOM OF THE 2ND
Rocky Mountain Vibes batting - Pitching for Galesburg Guzzlers : RHP Jorge Cambeiro
Batting: RHB Benoît Baudry 0-0: Ball
1-0: Foul Ball, location: 2F
1-1: Ground out 6-3 (Groundball, 6, EV 86.9 MPH)
Batting: LHB Alexandre Prost 0-0: Ball
1-0: Called Strike
1-1: Called Strike
1-2: Ball
2-2: Foul Ball, location: 2F
2-2: Ground out U3 (Groundball, 34, EV 87.5 MPH)
Batting: RHB David Mooney 0-0: Fly out, F8 (Flyball, 8LD, EV 90.0 MPH)
Bottom of the 2nd over - 0 runs, 0 hits, 0 errors, 0 left on base; Galesburg 0 - Rocky Mountain 0
TOP OF THE 3RD
Galesburg Guzzlers batting - Pitching for Rocky Mountain Vibes : RHP Juan Carmona
Batting: RHB Ethan Allcorn 0-0: Foul Ball, location: 2F
0-1: Called Strike
0-2: Foul Ball, location: 2F
0-2: Ball
1-2: Ball
2-2: Strikes out swinging
Batting: RHB Ching Sun 0-0: Foul Ball, location: 2F
0-1: Ball
1-1: Foul Ball, location: 2F
1-2: Foul Ball, location: 2F
1-2: Ball
2-2: SOLO HOME RUN (Flyball, 7D, EV 108.1 MPH), Distance : 384 ft
Batting: RHB Cheh Che 0-0: Called Strike
0-1: Foul Ball, location: 2F
0-2: Ball
1-2: Ball
2-2: Foul Ball, location: 2F
2-2: SINGLE (Line Drive, 4D, EV 98.1 MPH)
Batting: SHB Jorge Rocha 0-0: Ball
Cheh Che is caught stealing 2nd base 2-6
1-0: Ball
2-0: Called Strike
2-1: Ball
3-1: Called Strike
3-2: Base on Balls
Batting: RHB Woody Marshall 0-0: Called Strike
0-1: Ball
1-1: DOUBLE (Line Drive, 78D, EV 103.1 MPH)
Jorge Rocha to third
Runner from 3rd tries for Home, SAFE, throw by CF to home
Batting: RHB Bo Rajat 0-0: Foul Ball, location: 2F
0-1: Called Strike
0-2: Ball
1-2: Foul Ball, location: 2F
1-2: Strikes out swinging
Top of the 3rd over - 2 runs, 3 hits, 0 errors, 1 left on base; Galesburg 2 - Rocky Mountain 0
BOTTOM OF THE 3RD
Rocky Mountain Vibes batting - Pitching for Galesburg Guzzlers : RHP Jorge Cambeiro
Batting: RHB Daniel Morel 0-0: Ball
1-0: Ball
2-0: Foul Ball, location: 2F
2-1: Foul Ball, location: 2F
2-2: Fly out, F8 (Flyball, 8RS, EV 95.0 MPH)
Batting: RHB Mark Fontenot 0-0: Called Strike
0-1: Ball
1-1: DOUBLE (Groundball, 5L, EV 110.6 MPH)
Batting: RHB Juan Rea 0-0: Ball
1-0: Ball
2-0: Ball
3-0: Base on Balls
Batting: RHB Uoti Vaijärvi 0-0: Foul Ball, location: 2F
0-1: Ball
1-1: Ball
2-1: Foul Ball, location: 2F
2-2: Fly out, F8 (Flyball, 8RD, EV 92.5 MPH)
Batting: RHB Magnus Fjord 0-0: Called Strike
0-1: Foul Ball, location: 2F
0-2: Ball
1-2: Ball
2-2: Foul Ball, location: 2F
2-2: Ball
3-2: Fly out, F9 (Flyball, 9S, EV 91.9 MPH)
Bottom of the 3rd over - 0 runs, 1 hit, 0 errors, 2 left on base; Galesburg 2 - Rocky Mountain 0
TOP OF THE 4TH
Galesburg Guzzlers batting - Pitching for Rocky Mountain Vibes : RHP Juan Carmona
Batting: RHB Freddie Butterworth 0-0: Foul Ball, location: 2F
0-1: Ball
1-1: Ground out 5-3 (Groundball, 56S, EV 79.4 MPH)
Batting: SHB Félix Linaza 0-0: Foul Ball, location: 2F
0-1: Called Strike
0-2: Ball
1-2: Strikes out swinging
Batting: RHB Paul Kelly 0-0: Called Strike
0-1: Swinging Strike
0-2: Strikes out looking
Top of the 4th over - 0 runs, 0 hits, 0 errors, 0 left on base; Galesburg 2 - Rocky Mountain 0
BOTTOM OF THE 4TH
Rocky Mountain Vibes batting - Pitching for Galesburg Guzzlers : RHP Jorge Cambeiro
Batting: SHB William Anderson 0-0: Called Strike
0-1: Foul Ball, location: 2F
0-2: Foul Ball, location: 2F
0-2: Foul Ball, location: 2F
0-2: Ball
1-2: Ball
2-2: Ball
3-2: Strikes out swinging
Batting: RHB Benoît Baudry 0-0: Called Strike
0-1: Ball
1-1: Called Strike
1-2: Ball
2-2: Fly out, F9 (Line Drive, 8RM, EV 86.2 MPH)
Batting: LHB Alexandre Prost 0-0: Called Strike
0-1: Foul Ball, location: 2F
0-2: Strikes out looking
Bottom of the 4th over - 0 runs, 0 hits, 0 errors, 0 left on base; Galesburg 2 - Rocky Mountain 0
TOP OF THE 5TH
Galesburg Guzzlers batting - Pitching for Rocky Mountain Vibes : RHP Juan Carmona
Batting: RHB Ethan Allcorn 0-0: Foul Ball, location: 2F
0-1: Called Strike
0-2: Ball
1-2: Foul Ball, location: 2F
1-2: Ball
2-2: SINGLE (Groundball, 4D, EV 96.2 MPH)
Batting: RHB Ching Sun 0-0: Called Strike
0-1: Ground out 5-3 (Groundball, 56S, EV 69.4 MPH)
Ethan Allcorn to second
Batting: RHB Cheh Che 0-0: Foul Ball, location: 2F
0-1: Called Strike
0-2: Ball
1-2: Foul Ball, location: 2F
1-2: Strikes out looking
Batting: SHB Jorge Rocha 0-0: Ground out 4-3 (Groundball, 4, EV 96.9 MPH)
Top of the 5th over - 0 runs, 1 hit, 0 errors, 1 left on base; Galesburg 2 - Rocky Mountain 0
BOTTOM OF THE 5TH
Rocky Mountain Vibes batting - Pitching for Galesburg Guzzlers : RHP Jorge Cambeiro
Batting: RHB David Mooney 0-0: Foul Ball, location: 2F
0-1: Ball
1-1: Ball
2-1: Swinging Strike
2-2: Ball
3-2: Strikes out swinging
Batting: RHB Daniel Morel 0-0: Called Strike
0-1: Ball
1-1: Ball
2-1: DOUBLE (Line Drive, 3D, EV 104.4 MPH)
Batting: RHB Mark Fontenot 0-0: Called Strike
0-1: Ball
1-1: Foul Ball, location: 2F
1-2: SINGLE (Groundball, 6MD, EV 94.4 MPH)
Daniel Morel to third
Runner from 3rd tries for Home, SAFE, throw by CF to home
Batting: RHB Juan Rea 0-0: Ball
1-0: Ball
2-0: Fly out, F4 (Line Drive, 4, EV 65.0 MPH)
Pitching: RHP Horatio Hornblower
Batting: RHB Uoti Vaijärvi 0-0: Ball
1-0: Ball
2-0: Foul Ball, location: 2F
2-1: Foul Ball, location: 2F
2-2: Ground out 6-3 (Groundball, 6S, EV 90.0 MPH)
Bottom of the 5th over - 1 run, 2 hits, 0 errors, 1 left on base; Galesburg 2 - Rocky Mountain 1
TOP OF THE 6TH
Galesburg Guzzlers batting - Pitching for Rocky Mountain Vibes : RHP Juan Carmona
Batting: RHB Woody Marshall 0-0: Called Strike
0-1: SINGLE (Groundball, 4MD, EV 99.4 MPH)
Batting: RHB Bo Rajat 0-0: Swinging Strike
0-1: Swinging Strike
0-2: Strikes out swinging
Batting: RHB Freddie Butterworth 0-0: SINGLE (Groundball, 4D, EV 94.4 MPH)
Woody Marshall to second
Runner from 2nd tries for 3rd, SAFE, no throw by RF
Batting: SHB Félix Linaza 0-0: Ball
1-0: Ball
2-0: Ball
3-0: Base on Balls
Freddie Butterworth to second
Batting: RHB Paul Kelly 0-0: Called Strike
0-1: Ball
1-1: Grounds into fielders choice 6-2 (Groundball, 6, EV 78.1 MPH)
Freddie Butterworth to third
Félix Linaza to second
Batting: RHB Ethan Allcorn 0-0: Called Strike
0-1: Ball
1-1: Ball
2-1: Fly out, F7 (Flyball, 78M, EV 83.1 MPH)
Top of the 6th over - 0 runs, 2 hits, 0 errors, 3 left on base; Galesburg 2 - Rocky Mountain 1
BOTTOM OF THE 6TH
Rocky Mountain Vibes batting - Pitching for Galesburg Guzzlers : RHP Horatio Hornblower
Batting: RHB Magnus Fjord 0-0: DOUBLE (Line Drive, 7LM, EV 98.8 MPH)
Batting: SHB William Anderson 0-0: Ball
1-0: Called Strike
1-1: Foul Ball, location: 2F
1-2: Ground out 4-3 (Groundball, 34D, EV 105.0 MPH)
Magnus Fjord to third
Batting: RHB Benoît Baudry 0-0: Ball
1-0: Foul Ball, location: 2F
1-1: Ground out 6-3 (Groundball, 6S, EV 76.9 MPH)
Batting: LHB Alexandre Prost 0-0: Ball
1-0: Foul Ball, location: 2F
1-1: Called Strike
1-2: Ball
2-2: Foul Ball, location: 2F
2-2: Ground out 5-3 (Groundball, 56, EV 82.5 MPH)
Bottom of the 6th over - 0 runs, 1 hit, 0 errors, 1 left on base; Galesburg 2 - Rocky Mountain 1
TOP OF THE 7TH
Galesburg Guzzlers batting - Pitching for Rocky Mountain Vibes : RHP Juan Carmona
Batting: RHB Ching Sun 0-0: Called Strike
0-1: Foul Ball, location: 2F
0-2: Foul Ball, location: 2F
0-2: Strikes out swinging
Pitching: RHP José Luján
Batting: RHB Cheh Che 0-0: Ball
1-0: Ground out 5-3 (Groundball, 56, EV 86.2 MPH)
Batting: SHB Jorge Rocha 0-0: Ball
1-0: Ball
2-0: Called Strike
2-1: Called Strike
2-2: Foul Ball, location: 2F
2-2: Strikes out swinging
Top of the 7th over - 0 runs, 0 hits, 0 errors, 0 left on base; Galesburg 2 - Rocky Mountain 1
BOTTOM OF THE 7TH
Rocky Mountain Vibes batting - Pitching for Galesburg Guzzlers : RHP Horatio Hornblower
Now at 2B: Jorge Pagán
Batting: RHB David Mooney 0-0: Ball
1-0: Called Strike
1-1: Swinging Strike
1-2: Ball
2-2: Strikes out swinging
Batting: RHB Daniel Morel 0-0: Called Strike
0-1: Ball
1-1: Ground out 4-3 (Groundball, 4M, EV 93.1 MPH)
Batting: RHB Mark Fontenot 0-0: Called Strike
0-1: Called Strike
0-2: Ball
1-2: Ball
2-2: Ball
3-2: Foul Ball, location: 2F
3-2: Fly out, F7 (Flyball, 7D, EV 98.8 MPH)
Bottom of the 7th over - 0 runs, 0 hits, 0 errors, 0 left on base; Galesburg 2 - Rocky Mountain 1
TOP OF THE 8TH
Galesburg Guzzlers batting - Pitching for Rocky Mountain Vibes : RHP José Luján
Batting: RHB Woody Marshall 0-0: Ball
1-0: Fly out, F8 (Line Drive, 8LD, EV 105.6 MPH)
Batting: RHB Bo Rajat 0-0: Ball
1-0: Swinging Strike
1-1: Foul Ball, location: 2F
1-2: Ball
2-2: Ball
3-2: Fly out, F8 (Line Drive, 8RD, EV 87.5 MPH)
Batting: RHB Freddie Butterworth 0-0: Called Strike
0-1: Foul Ball, location: 2F
0-2: Ball
1-2: Ball
2-2: Foul Ball, location: 2F
2-2: SINGLE (Groundball, 34D, EV 95.6 MPH)
Batting: SHB Félix Linaza 0-0: Called Strike
0-1: Foul Ball, location: 2F
0-2: Ball
1-2: Fielders Choice at 2nd, 6-4 (Groundball, 6, EV 83.1 MPH)
Top of the 8th over - 0 runs, 1 hit, 0 errors, 1 left on base; Galesburg 2 - Rocky Mountain 1
BOTTOM OF THE 8TH
Rocky Mountain Vibes batting - Pitching for Galesburg Guzzlers : RHP Horatio Hornblower
Now at 3B: Shi-xian Zhào
Batting: RHB Juan Rea 0-0: Foul Ball, location: 2F
0-1: Ball
1-1: Foul Ball, location: 2F
1-2: Foul Ball, location: 2F
1-2: Ball
2-2: Ball
3-2: Strikes out swinging
Batting: RHB Uoti Vaijärvi 0-0: Ball
1-0: Ball
2-0: Foul Ball, location: 2F
2-1: Ball
3-1: Base on Balls
Pitching: RHP Ettore Guizzardi
Batting: RHB Magnus Fjord 0-0: Ball
1-0: Called Strike
1-1: Foul Ball, location: 2F
1-2: Grounds into double play, 6-4-3 (Groundball, 6, EV 101.9 MPH)
Bottom of the 8th over - 0 runs, 0 hits, 0 errors, 0 left on base; Galesburg 2 - Rocky Mountain 1
TOP OF THE 9TH
Galesburg Guzzlers batting - Pitching for Rocky Mountain Vibes : RHP José Luján
Batting: RHB Jorge Pagán 0-0: Ball
1-0: Ball
2-0: Ball
3-0: Called Strike
3-1: Swinging Strike
3-2: SINGLE (Groundball, 3, EV 108.1 MPH) (infield hit)
Batting: RHB Ethan Allcorn 0-0: Called Strike
0-1: Ball
1-1: Bunted foul
1-2: Ball
2-2: Strikes out swinging
Pitching: RHP Ian Carr
Batting: RHB Ching Sun 0-0: Ball
Jorge Pagán steals 2nd base (no throw)
1-0: Called Strike
1-1: Foul Ball, location: 2F
1-2: Ball
2-2: Strikes out swinging
Batting: RHB Cheh Che 0-0: Ball
1-0: Foul Ball, location: 2F
1-1: Ball
2-1: Fly out, F9 (Flyball, 9LS, EV 80.6 MPH)
Top of the 9th over - 0 runs, 1 hit, 0 errors, 1 left on base; Galesburg 2 - Rocky Mountain 1
BOTTOM OF THE 9TH
Rocky Mountain Vibes batting - Pitching for Galesburg Guzzlers : RHP Ettore Guizzardi
Batting: SHB William Anderson 0-0: Called Strike
0-1: Ball
1-1: Called Strike
1-2: Ball
2-2: Ball
3-2: Fly out, F6 (Popup, 6S, EV 75.0 MPH)
Batting: RHB Benoît Baudry 0-0: Ball
1-0: Foul Ball, location: 2F
1-1: Swinging Strike
1-2: Ball
2-2: Foul Ball, location: 2F
2-2: Ground out 1-3 (Groundball, 34S, EV 86.2 MPH)
Batting: LHB Alexandre Prost 0-0: Foul Ball, location: 2F
0-1: Foul Ball, location: 2F
0-2: Ball
1-2: SINGLE (Groundball, 3D, EV 95.6 MPH)
Batting: RHB David Mooney 0-0: Foul Ball, location: 2F
0-1: Ball
1-1: Ball
2-1: DOUBLE (Flyball, 78XD, EV 100.0 MPH)
Alexandre Prost to third
Runner from 3rd tries for Home, SAFE, throw by CF to home
Batting: RHB Daniel Morel 0-0: Foul Ball, location: 2F
0-1: Ground out 4-3 (Groundball, 4, EV 80.0 MPH)
Bottom of the 9th over - 1 run, 2 hits, 0 errors, 1 left on base; Galesburg 2 - Rocky Mountain 2
TOP OF THE 10TH
Galesburg Guzzlers batting - Pitching for Rocky Mountain Vibes : RHP Ian Carr
Pitching: LHP Kenny Pollock
Pinch Hitting: RHB Ignacio Páez 0-0: Ground out 6-3 (Groundball, 6, EV 86.9 MPH)
Batting: RHB Woody Marshall 0-0: Fly out, F9 (Flyball, 9, EV 79.4 MPH)
Batting: RHB Bo Rajat 0-0: Ball
1-0: Called Strike
1-1: Foul Ball, location: 2F
1-2: Strikes out swinging
Top of the 10th over - 0 runs, 0 hits, 0 errors, 0 left on base; Galesburg 2 - Rocky Mountain 2
BOTTOM OF THE 10TH
Rocky Mountain Vibes batting - Pitching for Galesburg Guzzlers : RHP Ettore Guizzardi
Now in LF: Bartolo Tasis
Batting: RHB Mark Fontenot 0-0: Foul Ball, location: 2F
0-1: Ball
1-1: Fly out, F9 (Flyball, 9S, EV 90.0 MPH)
Batting: RHB Juan Rea 0-0: Ball
1-0: Ball
2-0: Ball
3-0: Base on Balls
Batting: RHB Uoti Vaijärvi 0-0: Called Strike
0-1: Ball
1-1: Ball
2-1: Grounds into double play, 4-6-3 (Groundball, 4, EV 83.8 MPH)
Bottom of the 10th over - 0 runs, 0 hits, 0 errors, 0 left on base; Galesburg 2 - Rocky Mountain 2
TOP OF THE 11TH
Galesburg Guzzlers batting - Pitching for Rocky Mountain Vibes : LHP Kenny Pollock
Pitching: LHP John Sawyer
Batting: RHB Freddie Butterworth 0-0: Ground out 4-3 (Groundball, 4, EV 85.0 MPH)
Batting: RHB Shi-xian Zhào 0-0: Ball
1-0: Called Strike
1-1: SINGLE (Flyball, 34D, EV 87.5 MPH)
Batting: RHB Jorge Pagán 0-0: Ball
1-0: Ball
2-0: Called Strike
2-1: Ball
3-1: Base on Balls
Shi-xian Zhào to second
Pitching: RHP Álex Flores
Batting: RHB Ethan Allcorn 0-0: Ball
1-0: Ball
2-0: Ball
3-0: Called Strike
3-1: Swinging Strike
3-2: Strikes out swinging
Batting: RHB Ching Sun 0-0: Called Strike
0-1: Ball
1-1: Ball
2-1: Foul Ball, location: 2F
2-2: Strikes out swinging
Top of the 11th over - 0 runs, 1 hit, 0 errors, 2 left on base; Galesburg 2 - Rocky Mountain 2
BOTTOM OF THE 11TH
Rocky Mountain Vibes batting - Pitching for Galesburg Guzzlers : RHP Ettore Guizzardi
Batting: RHB Magnus Fjord 0-0: Ball
1-0: Ball
2-0: Ball
3-0: Called Strike
3-1: Base on Balls
Pitching: LHP Vasquo Lousada
Batting: SHB William Anderson 0-0: Ball
Magnus Fjord steals 2nd base
1-0: Swinging Strike
1-1: Foul Ball, location: 2F
1-2: DOUBLE (Line Drive, 7LM, EV 106.9 MPH)
Magnus Fjord scores
Tuesday, January 5th, 2021 - OOTP Baseball 20.8 Build 74